 Dungeon Crawl Stone Soup version 0.31-a0-361-g0f8bd3a31e (webtiles) character file.

Game seed: 3697943283238534998

74 AIAndy the Ruffian (level 4, -5/28 HPs)
             Began as an Octopode Shapeshifter on July 27, 2023.
             Killed by divine providence
             ... invoked by an orc priest
              (12 damage)
             ... on level 3 of the Dungeon.
             The game lasted 00:02:19 (1475 turns).

AIAndy the Ruffian (Octopode Shapeshifter)          Turns: 1475, Time: 00:02:20

Health: -5/28      AC:  1    Str: 16    XL:     4   Next: 30%
Magic:  4/4        EV: 13    Int: 10    God:
Gold:   58         SH:  0    Dex: 12    Spells: 3/3 levels left

rFire   . .          .
                       - Unarmed
rCold   . . .        (no shield)
rNeg    . . .        (helmet currently unavailable)
rPois   .            (no amulet)
rElec   .            L - ring of flight
rCorr   .            (no ring)
SInv    .            (no ring)
Will    .....        (no ring)
Stlth   ++           (no ring)
HPRegen 0.24/turn    (no ring)
MPRegen 0.09/turn    (no ring)
                     (no ring)

%: no passive effects
@: beast-form, flying
A: beast (slay +2), almost no armour, amphibious, 8 rings, camouflage 1,
gelatinous body 1, (nimble swimmer 1), tentacles
a: Begin Untransformation


You were on level 3 of the Dungeon.
You were a hulking beast.
You visited 1 branch of the dungeon, and saw 3 of its levels.

You collected 58 gold pieces.


Innate Abilities, Weirdness & Mutations

You are a hulking beast.
Your limbs bulge with bestial killing power. (Slay +2)
You cannot wear most types of armour.
You are amphibious.
You can wear up to eight rings at the same time.
Your skin changes colour to match your surroundings (Stealth+).
Your rubbery body absorbs attacks. (AC +1, EV +1)
((You are camouflaged when in or above water. (Stealth+)))
You have tentacles for arms and can constrict up to eight enemies at once.


   Skills:
 - Level 1.0 Fighting
 - Level 2.0 Dodging
 + Level 4.1 Unarmed Combat
 + Level 3.8 Shapeshifting


You had 3 spell levels left.
You didn't know any spells.
Your spell library was empty.

Inventory:

Hand Weapons
 j - a +2 short sword of electrocution
 l - a +2 dagger of venom
 n - the +2 mace of Uploi {speed, Dex+4}
   (You found it on level 2 of the Dungeon)

   Dex:       It affects your dexterity (+4).
Missiles
 k - 5 atropa-tipped darts (quivered)
Jewellery
 L - a ring of flight (left tentacle)
Talismans
 b - a beast talisman
Scrolls
 c - 2 scrolls of vulnerability {unknown}
 d - a scroll of fear {unknown}
 f - 2 scrolls of revelation {unknown}
 g - 2 scrolls of teleportation {unknown}
 m - a scroll of enchant armour {unknown}
 o - a scroll of identify {unknown}
Potions
 a - a potion of lignification {!q}
 e - a potion of enlightenment {unknown}
 h - 2 potions of heal wounds {unknown}
 i - a potion of invisibility {unknown}

Dungeon Overview and Level Annotations

Branches:
Dungeon (3/15)

Altars:

Annotations:
D:2 Sigmund

#
#####.#
#<.ho.#
#.#####
#.# #.#
#.# #.#
#.# ..#


You could see an orc priest.


Message History

There is an open door here.
There is an open door here.
Found a stone staircase leading up.
Sigmund the Dreaded comes into view.
He is wielding a +0 scythe.
Sigmund casts a spell.
Sigmund flickers and vanishes!
Deactivating autopickup; reactivate with Ctrl-A.
A magic dart appears from out of thin air!
The magic dart hits you!
There is a stone staircase leading down here.
You fly downwards.
Reactivating autopickup.
There is a stone staircase leading up here.
The orc priest calls down the wrath of Beogh upon you.
Beogh smites you!
Ouch! That really hurt!
* * * LOW HITPOINT WARNING * * *
You hear a shout!
You tentacle-slap the orc priest. Your grab misses the orc priest.
The orc priest is moderately wounded.
You barely miss the orc priest. You grab the orc priest.
The orc priest is moderately wounded.
You constrict the orc priest. The orc priest hits you with a +0 whip.
* * * LOW HITPOINT WARNING * * *
You tentacle-slap the orc priest.
The orc priest is severely wounded.
You constrict the orc priest, but do no damage.
The orc priest calls down the wrath of Beogh upon you.
Beogh smites you!
You die...

Skill      XL: |  1  2  3 |
---------------+----------+-----
Unarmed Combat | 4 |  4.1
Fighting       | |  1.0
Dodging        | |  2.0
Shapeshifting  | |  3.8

Action                     |  1- 3 |  4- 6 || total
---------------------------+-------+-------++-------
  Melee: Unarmed           |    45 |     4 ||    49
         Constrict         |    18 |     1 ||    19
         Tentacles         |     9 |       ||     9
         Punch             |     1 |       ||     1
  Throw: Dart              |     1 |       ||     1
   Stab: Sleeping          |    11 |     1 ||    12
 Armour: Skin              |     5 |       ||     5
  Dodge: Dodged            |    13 |       ||    13

Levels and vault maps discovered:
D:1:      dpeg_arrival_stone_temple_mockup, layout_loops_corners
D:2:      layout_basic, patterned_corridor, uniq_jessica, uniq_sigmund
D:3:      layout_loops_ring, minmay_misc_feat_four_crosses

Notes
Turn   | Place    | Note
-------+----------+-------------------------------------------
     0 | D:1      | AIAndy the Octopode Shapeshifter began the quest for the
                  | Orb.
     0 | D:1      | Reached XP level 1. HP: 13/13 MP: 1/1
   121 | D:1      | Reached XP level 2. HP: 18/18 MP: 2/2
   578 | D:1      | Reached XP level 3. HP: 19/23 MP: 3/3
  1268 | D:2      | Identified the +2 mace of Uploi {speed, Dex+4}
  1289 | D:2      | Noticed Jessica
  1296 | D:2      | Killed Jessica
  1297 | D:2      | Reached skill level 4 in Unarmed Combat
  1297 | D:2      | Reached XP level 4. HP: 20/28 MP: 4/4
  1459 | D:2      | Noticed Sigmund
  1475 | D:3      | Killed from afar by an orc priest

Vanquished Creatures
  Jessica (D:2)
  An adder (D:2)
  A worm (D:2)
  2 ball pythons (D:1)
  4 endoplasms (D:1)
  4 giant cockroaches
  4 goblins
  3 hobgoblins
  3 bats (D:1)
  A frilled lizard (D:1)
  3 kobolds
  9 rats
36 creatures vanquished.

Table legend: (Time is in decaauts)
 A = Elapsed time spent in this place.
 B = Non-inter-level travel time spent in this place.
 C = Inter-level travel time spent in this place.
 D = Time resting spent in this place.
 E = Time spent auto-exploring this place.
 F = Levels seen in this place.
 G = Mean time per level.
                   A        B        C        D        E       F      G
               +--------+--------+--------+--------+--------+-----+--------+
         Total |   1471 |   1457 |     14 |      0 |   1225 |   3 |  490.3 |
       Dungeon |   1471 |   1457 |     14 |      0 |   1225 |   3 |  490.3 |
               +--------+--------+--------+--------+--------+-----+--------+

Top non-repeatable levels by time:
     D:1: 1038 daAuts
     D:2: 427 daAuts
     D:3: 4 daAuts

Table legend:
 A = Non-vault XP
 B = Vault XP
 C = Vault XP percentage of total XP
 D = Non-vault monster count
 E = Vault monster count
 F = Vault count percentage of total count
                 A         B        C        D         E       F
            +---------+---------+-------+---------+---------+-------
      Total |      70 |      37 |  34.6 |      35 |       1 |   2.8
            +---------+---------+-------+---------+---------+-------
        D:1 |      40 |       0 |   0.0 |      26 |       0 |   0.0
        D:2 |      30 |      37 |  55.2 |       9 |       1 |  10.0
            +---------+---------+-------+---------+---------+-------
